 Dungeon Sprint DCSS version 0.27-a0-577-ge2a43ba0c9 (console) character file.

Game seed: 12988320254284816161

3347 Terrapin the Fencer (level 9, 0/93 HPs)
             Began as a Minotaur Berserker on Mar 9, 2021.
             Was a High Priest of Trog.
             Succumbed to a redback's poison
             ... in the Dungeon (Sprint I: "Red Sonja").
             The game lasted 00:02:53 (1162 turns).

Terrapin the Fencer (Minotaur Berserker)            Turns: 1162, Time: 00:02:53

Health: 0/93       AC:  4    Str: 21    XL:     9   Next: 72%
Magic:  8/8        EV: 15    Int:  4    God:    Trog [*****.]
Gold:   593        SH:  0    Dex: 14    Spells: 8/8 levels left

rFire    . . .     SeeInvis .   a - +0 falchion
rCold    . . .     Faith    .   (no shield)
rNeg     . . .     Spirit   .   j - +0 leather armour
rPois    .         Reflect  .   (helmet restricted)
rElec    .         Harm     .   (no cloak)
rCorr    .         Rampage  .   (no gloves)
Will     ++...     NoTele   +   (no boots)
Stlth    +.........             (no amulet)
HPRegen  1.25/turn              (no ring)
MPRegen  0.11/turn              (no ring)

@: lethally poisoned (0 -> -39), berserk cooldown, regenerating, slowed, very
slow
A: horns 2, retaliatory headbutt
a: Renounce Religion, Berserk, Trog's Hand, Brothers in Arms


You were in the Dungeon.
You worshipped Trog.
Trog was extremely pleased with you.
You visited 1 branch You collected 593 gold pieces.

Inventory:

Hand Weapons
 a - a +0 falchion (weapon)
 l - a +0 shortbow
Missiles
 m - 32 arrows
Armour
 b - a +0 animal skin
 j - a +0 leather armour (worn)
Wands
 i - a wand of polymorph (4)
Scrolls
 h - a scroll of blinking {!r}
 k - 2 scrolls of identify {unknown}
Potions
 d - a potion of heal wounds {!q}
 e - a potion of haste {!q}
 f - 2 potions of magic {!q}
 g - a potion of berserk rage


   Skills:
 + Level 13.6 Fighting
 * Level 17.8 Long Blades
 + Level 11.3 Armour
 - Level 8.2 Dodging


You had 8 spell levels left.
You didn't know any spells.
Your spell library was empty.

Dungeon Overview and Level Annotations

Branches:
Dungeon (1/1)

Altars:
Cheibriados
Dithmenos
Elyvilon
Fedhas
Gozag
Hepliaklqana
Kikubaaqudgha
Makhleb
Nemelex Xobeh
Okawaru
Qazlal
Ru
Sif Muna
Trog
Uskayaw
Vehumet
Wu Jian
Xom
Yredelemnul
Zin
The Shining One
Jiyva
Lugonu

Shops:
D [

Annotations:
D exclusion: door


Innate Abilities, Weirdness & Mutations

You have a pair of horns on your head.
You reflexively headbutt those who attack you in melee.


Message History

The redback bites you!
* * * LOW HITPOINT WARNING * * *
You are lethally poisoned!
The redback poisons you! The redback closely misses you.
You furiously retaliate!
You headbutt the redback, but do no damage.
Unknown command.
Unknown command.
You hit the redback. Your headbutt misses the redback.
The redback is lightly wounded.
* * * LOW HITPOINT WARNING * * *
You feel very sick. The redback bites you.
* * * LOW HITPOINT WARNING * * *
You are more poisoned.
The redback poisons you!
You slash the redback!
The redback is heavily wounded.
* * * LOW HITPOINT WARNING * * *
You feel very sick. The redback barely misses you.
You riposte.
You hit the redback.
The redback is heavily wounded.
The redback completely misses you.
You hit the redback but do no damage.
The redback is heavily wounded.
* * * LOW HITPOINT WARNING * * *
You feel very sick. The redback barely misses you. You furiously retaliate!
You headbutt the redback.
Unknown command.
You slash the redback!
The redback is almost dead.
* * * LOW HITPOINT WARNING * * *
You feel very sick. The redback completely misses you.
Unknown command.
You barely miss the redback. You headbutt the redback.
You kill the redback!
Trog accepts your kill.
You die...

#..##.#≈≈§§§#§.#
##'#_§§≈≈§.§'§.#
.÷..._#≈≈≈..#.§#
##_.#§##'#####§###
###+#.#.§)[# #.'$#
# ####+### ###†#
#.# #§# #@# +§#
#§# #§#


There were no monsters in sight!

Vanquished Creatures
  2 centaur warriors (D)
  An oklob plant (D)
  2 kobold demonologists (D)
  A hornet (D)
  A slime creature (D)
  Sigmund (D)
  2 redbacks (D)
  A yak (D)
  A floating eye (D)
  An ogre (D)
  A jelly (D)
  Ijyb (D)
15 creatures vanquished.

Notes
Turn   | Place    | Note
-------+----------+-------------------------------------------
     0 | D        | Terrapin the Minotaur Berserker began the quest for the
                  | Orb.
     0 | D        | Reached XP level 1. HP: 19/19 MP: 0/0
     2 | D        | Noticed Ijyb
     7 | D        | Killed Ijyb
     8 | D        | Reached skill level 5 in Fighting
     8 | D        | Reached skill level 5 in Long Blades
     8 | D        | Reached XP level 2. HP: 29/29 MP: 1/1
    54 | D        | Noticed an ogre
    62 | D        | Killed an ogre
    63 | D        | Reached skill level 7 in Long Blades
    63 | D        | Reached skill level 5 in Dodging
    63 | D        | Reached XP level 3. HP: 38/38 MP: 2/2
    63 | D        | Reached XP level 4. HP: 45/45 MP: 3/3
    95 | D        | Noticed Sigmund
    98 | D        | Killed Sigmund
    98 | D        | Reached ** piety under Trog
    99 | D        | Reached skill level 10 in Long Blades
    99 | D        | Reached XP level 5. HP: 55/55 MP: 4/4
    99 | D        | Reached XP level 6. HP: 62/62 MP: 5/5
   137 | D        | Found an ornate altar of the Wu Jian Council.
   137 | D        | Found a shimmering blue altar of Sif Muna.
   139 | D        | Found a radiant altar of Vehumet.
   167 | D        | Found Nakhatea's Armour Emporium.
   167 | D        | Found an ancient bone altar of Kikubaaqudgha.
   167 | D        | Found a hazy altar of Hepliaklqana.
   167 | D        | Found a hide-covered altar of Uskayaw.
   167 | D        | Found a basalt altar of Yredelemnul.
   167 | D        | Found an opulent altar of Gozag.
   167 | D        | Found a snail-covered altar of Cheibriados.
   167 | D        | Found a sacrificial altar of Ru.
   167 | D        | Found a shadowy altar of Dithmenos.
   167 | D        | Noticed a yak
   174 | D        | Killed a yak
   175 | D        | Reached skill level 12 in Long Blades
   175 | D        | Found a stormy altar of Qazlal.
   175 | D        | Found a blossoming altar of Fedhas.
   175 | D        | Found a bloodstained altar of Trog.
   175 | D        | Found an iron altar of Okawaru.
   175 | D        | Found a glowing golden altar of the Shining One.
   175 | D        | Found a glowing silver altar of Zin.
   175 | D        | Found a white marble altar of Elyvilon.
   176 | D        | Found a sparkling altar of Nemelex Xobeh.
   213 | D        | Found a viscous altar of Jiyva.
   213 | D        | Found a corrupted altar of Lugonu.
   213 | D        | Noticed a slime creature
   214 | D        | Found a burning altar of Makhleb.
   214 | D        | Found a shimmering altar of Xom.
   221 | D        | Killed a slime creature
   221 | D        | Reached *** piety under Trog
   222 | D        | Reached skill level 10 in Fighting
   222 | D        | Reached skill level 5 in Armour
   222 | D        | Reached XP level 7. HP: 59/72 MP: 6/6
   364 | D        | Noticed a kobold demonologist
   374 | D        | Noticed a kobold demonologist
   376 | D        | Reached skill level 13 in Long Blades
   376 | D        | Noticed an ice devil
   377 | D        | Killed a kobold demonologist
   378 | D        | Reached skill level 14 in Long Blades
   383 | D        | Killed a kobold demonologist
   383 | D        | Reached **** piety under Trog
   384 | D        | Reached XP level 8. HP: 82/82 MP: 7/7
   436 | D        | Noticed a centaur warrior
   436 | D        | Noticed a centaur warrior
   449 | D        | Killed a centaur warrior
   450 | D        | Reached skill level 16 in Long Blades
   509 | D        | Killed a centaur warrior
   510 | D        | Reached skill level 17 in Long Blades
   510 | D        | Reached skill level 10 in Armour
   510 | D        | Reached XP level 9. HP: 79/93 MP: 8/8
   723 | D        | Noticed an oklob plant
  1047 | D        | Killed an oklob plant
  1145 | D        | Reached ***** piety under Trog
  1161 | D        | HP: 4/93 [poisoned by a redback]
  1162 | D        | Succumbed to a redback's poison

Illustrated notes

Levels and vault maps discovered:
D:        dungeon_sprint_1 [red_sonja_temple_1, red_sonja_temple_small_1]

Skill      XL: |  1  2  3  4  5  6  7  8  9 |
---------------+----------------------------+-----
Fighting       | 5 6 8 10 11 13 | 13.6
Long Blades    | 5 7 10 12 14 17 | 17.8
Armour         | 4 5 8 10 11 | 11.3
Dodging        | 3 5 7 8 |  8.2

Action                   |  1- 3 |  4- 6 |  7- 9 || total
-------------------------+-------+-------+-------++-------
Melee: Unarmed           |     3 |       |       ||     3
       Falchion          |     8 |    14 |    57 ||    79
       Headbutt          |     1 |     4 |    16 ||    21
Invok: Berserk           |     2 |     3 |     6 ||    11
       Trog's Hand       |       |       |     1 ||     1
  Use: Potion            |       |       |     1 ||     1
Armor: Leather armour    |       |     2 |     4 ||     6
Dodge: Dodged            |     5 |     3 |    16 ||    24
       Rpst.: Falchion   |       |       |     5 ||     5

Table legend: (Time is in decaauts)
 A = Elapsed time spent in this place.
 B = Non-inter-level travel time spent in this place.
 C = Inter-level travel time spent in this place.
 D = Time resting spent in this place.
 E = Time spent auto-exploring this place.
 F = Levels seen in this place.
 G = Mean time per level.
                   A        B        C        D        E       F      G
               +--------+--------+--------+--------+--------+-----+--------+
         Total |   1230 |   1230 |      0 |    942 |      0 |   1 | 1230.0 |
       Dungeon |   1230 |   1230 |      0 |    942 |      0 |   1 | 1230.0 |
               +--------+--------+--------+--------+--------+-----+--------+

Top non-repeatable levels by time:
       D: 1230 daAuts
